 Dungeon Crawl Stone Soup version 0.30-a0-613-gdd512c7efb (webtiles) character file.

Game seed: 5819584141853659689

6748 bande the Cleaver (level 11, -2/67 HPs)
             Began as a Gargoyle Fighter on Jan 9, 2023.
             Was an Elder of Okawaru.
             Slain by a wight
             ... wielding a +2 halberd
              (7 damage)
             ... on level 9 of the Dungeon.
             The game lasted 00:17:35 (8979 turns).

bande the Cleaver (Gargoyle Fighter)                Turns: 8979, Time: 00:17:35

Health: -2/67      AC: 36    Str: 21    XL:     11   Next: 4%
Magic:  14/14      EV:  3    Int:  8    God:    Okawaru [****..]
Gold:   452        SH: 11    Dex: 15    Spells: 10/10 levels left

rFire   . . .      SeeInvis .    J - +1 war axe (flame)
rCold   + . .      Faith    .    c - +0 buckler
rNeg    + + .      Spirit   .    e - +4 crystal plate armour of the Hunter {rElec rN+ rCorr}
rPois   ∞          Reflect  +    j - +2 helmet
rElec   +          Harm     .    g - +0 cloak
rCorr   +          Rampage  .    (no gloves)
Will    .....                    D - +0 pair of boots Stlth
                                 B - amulet of reflection
HPRegen 0.31/turn                F - +4 ring of slaying
MPRegen 0.14/turn                w - ring of Contentment {rC+ Dex+2}

@: no status effects
A: sickness immunity, AC +8, negative energy resistance 1, electricity
resistance, torment resistance 1, petrification resistance
a: Renounce Religion, Heroism, Finesse


You were on level 9 of the Dungeon.
You worshipped Okawaru.
Okawaru was greatly pleased with you.
You visited 2 branches of the dungeon, and saw 10 of its levels.
You also visited: Sewer and Ossuary.

You collected 452 gold pieces.

Inventory:

Hand Weapons
 a - a +0 war axe
 C - a +0 flail of protection
 J - a +1 war axe of flaming (weapon)
Missiles
 y - 3 throwing nets (quivered)
Armour
 c - a +0 buckler (worn)
 e - the +4 crystal plate armour of the Hunter (worn) {rElec rN+ rCorr}
   (You acquired it on level 1 of the Dungeon)

   rElec:     It insulates you from electricity.
   rN:        It protects you from negative energy.
   rCorr:     It protects you from acid and corrosion.
 g - a +0 cloak (worn)
 j - a +2 helmet (worn)
 A - a +2 hat of intelligence
 D - a +0 pair of boots (worn)
Jewellery
 h - a ring of flight
 k - an amulet of regeneration
 m - a ring of magical power
 n - a +6 ring of strength
 q - a ring of see invisible
 w - the ring of Contentment (right hand) {rC+ Dex+2}
   (You found it on level 5 of the Dungeon)

   [ring of protection from cold]

   Dex:       It affects your dexterity (+2).
   rC:        It protects you from cold.
 x - a ring of ice
 B - an amulet of reflection (around neck)
 F - a +4 ring of slaying (left hand)
Wands
 p - a wand of polymorph (8)
 t - a wand of flame (18)
 G - a wand of paralysis (13)
Scrolls
 b - 7 scrolls of teleportation
 i - a scroll of enchant armour
 r - a scroll of magic mapping
 H - a scroll of silence
 K - a scroll of blinking
Potions
 d - 3 potions of might
 f - 3 potions of brilliance
 l - 7 potions of curing
 o - 9 potions of heal wounds
 s - 2 potions of magic
 u - a potion of resistance
 v - 3 potions of haste
 z - a potion of flight
 E - a potion of berserk rage {unknown}
 I - a potion of mutation {unknown}
 L - a potion of cancellation {unknown}


   Skills:
 + Level 7.1 Fighting
 + Level 9.8 Axes
 + Level 7.4 Armour
 + Level 6.7 Shields
 * Level 4.8 Invocations
 * Level 5.9 Evocations


You had 10 spell levels left.
You didn't know any spells.
Your spell library contained the following spells:

 Spells                   Type           Power      Damage    Failure   Level
 Wereblood                Tmut           0%         N/A       100%        2
 Inner Flame              Hex/Fire       0%         N/A       100%        3
 Stone Arrow              Conj/Erth      0%         3d7       100%        3
 Flame Wave               Conj/Fire      0%         2d4       100%        4
 Sticky Flame             Conj/Fire      0%         2d3       100%        4
 Lehudib's Crystal Spear  Conj/Erth      0%         10d2      100%        8
 Sublimation of Blood     Necr           Unusable   N/A       N/A         2
 Animate Armour           Summ/Erth      Unusable   N/A       N/A         4
 Summon Hydra             Summ           Unusable   N/A       N/A         7

Dungeon Overview and Level Annotations

Branches:
Dungeon (9/15)             Temple (1/1) D:6            Lair (0/5) D:8
  Sewer (visited)         Ossuary (visited)
    Orc: D:9-12

Altars:
Ashenzari
Cheibriados
Dithmenos
Elyvilon
Fedhas
Gozag
Hepliaklqana
Kikubaaqudgha
Makhleb
Nemelex Xobeh
Okawaru
Qazlal
Ru
Sif Muna
Trog
Uskayaw
Vehumet
Wu Jian
Xom
Yredelemnul
Zin
The Shining One

Shops:
D:1 :   D:5 [

Annotations:
D:5 exclusion: oklob plant


Innate Abilities, Weirdness & Mutations

You are immune to sickness and miasma.
Your stone body is resilient. (AC +8)
You are immune to poison.
You resist negative energy. (rN+)
You are resistant to electric shocks. (rElec)
You are resistant to unholy torment.
You are immune to petrification.


Message History

You slice the orc wizard!! You burn the orc wizard.
You kill the orc wizard!
Okawaru accepts your kill.
The orc priest looks braver for a moment.
You slice the orc!! You burn the orc.
You kill the orc!
You barely miss the orc. You block the orc's attack.
The orc priest mumbles some strange prayers to Beogh against you.
Beogh smites you!
You hit the orc. You burn the orc.
You kill the orc!
Okawaru accepts your kill.
You closely miss the orc.
The orc priest invokes the aid of Beogh against you.
Beogh smites you!
A wight comes into view. It is wielding a +0 dagger.
The orc hits you but does no damage.
The wight hits you from afar with a +2 halberd.
You slash the orc! You burn the orc.
You kill the orc!
Okawaru accepts your kill.
The orc priest invokes the aid of Beogh against you.
Beogh smites you! The wight hits you but does no damage.
You barely miss the orc priest. You block the orc priest's attack.
The wight hits you from afar with a +2 halberd.
You slash the orc priest! You burn the orc priest.
You kill the orc priest!
Okawaru accepts your kill.
The orc priest invokes the aid of Beogh against you.
Beogh smites you!
* * * LOW HITPOINT WARNING * * *
The wight hits you but does no damage.
You slice the orc!! You burn the orc.
You kill the orc!
Okawaru accepts your kill.
The orc priest mumbles some strange prayers to Beogh against you.
Beogh smites you!
* * * LOW HITPOINT WARNING * * *
The wight hits you from afar with a +2 halberd!
You die...

#######.# #.# #.# ## #.#
... #.# .... #.# .....
#.#
.....o#######.##########
......z@.........[......
.....z######.#####......
.>..z #.# #...... ....
#.# #...... ..: #.#
#...... .. #.# #...... .
#.# #...... #.# #......
#.# #......


You could see 3 wights and an orc priest.

Vanquished Creatures
  Gastronok (D:8)
  2 trolls
  A hornet (D:8)
  2 wraiths
  2 wyverns
  2 water moccasins
  2 orc warriors
  5 sky beasts
  A black bear (D:5)
  4 ogres
  4 wolves
  3 centaurs
  2 phantoms
  2 kobold brigands (Sewer)
  2 necrophages
  4 bullfrogs
  2 scorpions
  9 wights
  A howler monkey (D:6)
  3 electric eels (D:8)
  A crimson imp (D:4)
  5 hounds
  7 orc priests
  3 jellies
  A gnoll bouda (D:6)
  Crazy Yiuf (D:4)
  Jessica (D:2)
  2 iguanas (D:5)
  Terence (D:2)
  9 orc wizards
  A mummy (Ossuary)
  Robin (D:2)
  5 gnolls (D:6)
  8 adders
  A shadow imp (D:7)
  A white imp (D:5)
  An ufetubus (D:5)
  A worm zombie (D:8)
  3 worms
  4 dart slugs
  26 orcs
  7 ball pythons
  3 endoplasms
  3 giant cockroaches
  11 goblins
  12 hobgoblins
  3 jackals (D:4)
  24 kobolds
  6 quokkas
  9 bats
  6 frilled lizards
  10 gnoll skeletons (Ossuary)
  10 kobold skeletons (Ossuary)
  5 orc skeletons (Ossuary)
  2 rats
248 creatures vanquished.

Vanquished Creatures (others)
  A wizard (D:4)
  An orc (D:8)
  2 fungi (Sewer)
  3 plants
  22 toadstools (D:5)
29 creatures vanquished.

Grand Total: 277 creatures vanquished

Notes
Turn   | Place    | Note
-------+----------+-------------------------------------------
     0 | D:1      | bande the Gargoyle Fighter began the quest for the Orb.
     0 | D:1      | Reached XP level 1. HP: 14/14 MP: 1/1
   177 | D:1      | Reached XP level 2. HP: 19/19 MP: 2/2
   178 | D:1      | Reached skill level 2 in Axes
   620 | D:1      | Found Hanoysag's Book Emporium.
   640 | D:1      | Reached XP level 3. HP: 24/24 MP: 3/3
   649 | D:1      | Identified a scroll of acquirement
   649 | D:1      | Acquired the +4 crystal plate armour of the Hunter {rElec
                  | rN+ rCorr}
  1083 | D:2      | Noticed Jessica
  1084 | D:2      | Killed Jessica
  1085 | D:2      | Reached XP level 4. HP: 29/29 MP: 4/4
  1152 | D:2      | Noticed Terence
  1164 | D:2      | Killed Terence
  1165 | D:2      | Reached skill level 3 in Axes
  1411 | D:2      | Noticed Robin
  1416 | D:2      | Reached XP level 5. HP: 31/33 MP: 5/5
  1438 | D:2      | Killed Robin
  2340 | D:3      | Found a snail-covered altar of Cheibriados.
  2527 | D:4      | Found a glowing drain.
  2554 | Sewer    | Entered a sewer
  2632 | Sewer    | Noticed a kobold brigand
  2653 | Sewer    | Killed a kobold brigand
  2654 | Sewer    | Reached skill level 4 in Axes
  2654 | Sewer    | Reached XP level 6. HP: 37/38 MP: 6/6
  2764 | Sewer    | Reached skill level 1 in Evocations
  2951 | D:4      | Found a sacrificial altar of Ru.
  2960 | D:4      | Reached XP level 7. HP: 44/44 MP: 7/7
  2971 | D:4      | Reached skill level 5 in Axes
  3044 | D:4      | Found a runed translucent door.
  3045 | D:4      | Noticed Crazy Yiuf
  3097 | D:4      | Found a glowing golden altar of the Shining One.
  3157 | D:4      | Found a hide-covered altar of Uskayaw.
  3223 | D:4      | Found a bloodstained altar of Trog.
  3224 | D:4      | Noticed a wizard
  3230 | D:4      | Killed a wizard
  3548 | D:4      | Found a shimmering altar of Xom.
  3548 | D:4      | Found a burning altar of Makhleb.
  3639 | D:4      | Killed Crazy Yiuf
  3676 | D:5      | Entered Level 5 of the Dungeon
  3729 | D:5      | Found Ettujuib's Armour Boutique.
  3736 | D:5      | Found a radiant altar of Vehumet.
  3787 | D:5      | Identified the ring of Contentment {rC+ Dex+2}
  3809 | D:5      | Found a stormy altar of Qazlal.
  3956 | D:5      | Found an opulent altar of Gozag.
  3983 | D:5      | Reached skill level 6 in Axes
  3983 | D:5      | Reached XP level 8. HP: 48/48 MP: 8/8
  4029 | D:5      | Found an ornate altar of the Wu Jian Council.
  4173 | D:5      | Reached skill level 5 in Fighting
  4174 | D:5      | Reached skill level 5 in Armour
  4289 | D:5      | Found a blossoming altar of Fedhas.
  4304 | D:5      | Noticed an oklob plant
  4633 | D:6      | Found a basalt altar of Yredelemnul.
  4859 | D:6      | Noticed a wraith
  4867 | D:6      | Killed a wraith
  4881 | D:6      | Reached skill level 7 in Axes
  4881 | D:6      | Reached skill level 5 in Shields
  4939 | D:6      | Reached XP level 9. HP: 54/54 MP: 9/9
  5252 | D:6      | Found a staircase to the Ecumenical Temple.
  5371 | Temple   | Entered the Ecumenical Temple
  5383 | Temple   | Became a worshipper of Warmaster Okawaru
  5913 | D:7      | Found a broken altar of Ashenzari.
  5919 | D:7      | Reached skill level 1 in Invocations
  6026 | D:7      | Reached skill level 8 in Axes
  6209 | D:7      | Reached * piety under Okawaru
  6806 | D:8      | Found a glowing silver altar of Zin.
  6822 | D:8      | Found a sand-covered staircase.
  6841 | Ossuary  | Entered an ossuary
  7081 | D:8      | Noticed Gastronok
  7103 | D:8      | Killed Gastronok
  7103 | D:8      | Reached ** piety under Okawaru
  7104 | D:8      | Reached skill level 9 in Axes
  7104 | D:8      | Reached skill level 5 in Evocations
  7104 | D:8      | Reached XP level 10. HP: 54/61 MP: 10/12
  7144 | D:8      | Reached *** piety under Okawaru
  8168 | D:8      | Found a staircase to the Lair.
  8550 | D:9      | Reached **** piety under Okawaru
  8592 | D:9      | Found a shadowy altar of Dithmenos.
  8877 | D:9      | Reached XP level 11. HP: 48/67 MP: 14/14
  8979 | D:9      | Slain by a wight

Illustrated notes

Levels and vault maps discovered:
D:1:      eino_arrival_tree_alley, layout_basic, serial_shops,
          nicolae_shop_waterfront, eino_curves_02, st_stairs_10,
          kennysheep_doodads, dreamdust_princess_bridge
D:2:      layout_loops_corners, uniq_terence, uniq_jessica, uniq_robin
D:3:      layout_loops_ring, chei_slow_surprise, hex_tiny
D:4:      layout_loops_cross, grunt_temple_overflow_champion_of_chaos,
          old_standard_altar, trog_wizard, mainiacjoe_overflow_tiny_flanked,
          mainiacjoe_overflow_small_starburst, cheibrodos_sewer_entry_bend,
          nrook_uturn, uniq_crazy_yiuf_cottage
D:5:      layout_loops_cross, nzn_wu_jian_contemplation, vehumet_altar_wand_db,
          tgw_fedhas, mainiacjoe_overflow_paths, grunt_qazlal_clouds,
          serial_shops, shop
D:6:      layout_cave_pods, yredelemnul_altar_generic,
          minmay_temple_entry_overgrown, kennysheep_generic_room_14
D:7:      layout_cave_pods, mainiacjoe_overflow_brackets
D:8:      layout_basic, mainiacjoe_overflow_cross_hatched, erik_lair_island,
          enter_ossuary_3, uniq_gastronok
D:9:      layout_small_grid, grunt_dithmenos_smoke
Temple:   hellmonk_temple_rainy

Skill      XL: |  1  2  3  4  5  6  7  8  9 10 |
---------------+-------------------------------+-----
Axes           | 2 3 4 6 7 9 |  9.8
Armour         | 4 6 7 |  7.4
Fighting       | 4 5 6 7 |  7.1
Evocations     | 1 2 3 5 |  5.9
Shields        | 4 5 6 |  6.7
Invocations    | 3 4 |  4.8

Action                   |  1- 3 |  4- 6 |  7- 9 | 10-12 || total
-------------------------+-------+-------+-------+-------++-------
Melee: War axe           |    68 |   175 |   370 |   176 ||   789
  Use: Scroll            |     7 |     5 |    12 |     1 ||    25
Armor: Scale mail        |    17 |       |       |       ||    17
       Crystal plate arm |    31 |   183 |   418 |   166 ||   798
Dodge: Dodged            |    26 |    40 |    75 |    30 ||   171
Block: Buckler           |     6 |    48 |   118 |   126 ||   298
       Reflection        |       |       |     1 |     1 ||     2

Table legend: (Time is in decaauts)
 A = Elapsed time spent in this place.
 B = Non-inter-level travel time spent in this place.
 C = Inter-level travel time spent in this place.
 D = Time resting spent in this place.
 E = Time spent auto-exploring this place.
 F = Levels seen in this place.
 G = Mean time per level.
                   A        B        C        D        E       F      G
               +--------+--------+--------+--------+--------+-----+--------+
         Total |   9237 |   9012 |    225 |    713 |   6102 |  12 |  769.8 |
       Dungeon |   8695 |   8470 |    225 |    713 |   5836 |   9 |  966.1 |
        Temple |     26 |     26 |      0 |      0 |      0 |   1 |   26.0 |
         Sewer |    309 |    309 |      0 |      0 |    151 |   1 |  309.0 |
       Ossuary |    206 |    206 |      0 |      0 |    115 |   1 |  206.0 |
               +--------+--------+--------+--------+--------+-----+--------+

Top non-repeatable levels by time:
     D:7: 1676 daAuts
     D:6: 1074 daAuts
     D:4: 1058 daAuts
     D:5: 1007 daAuts
     D:8: 945 daAuts
     D:2: 927 daAuts
     D:1: 838 daAuts
     D:3: 671 daAuts
     D:9: 495 daAuts
   Sewer: 309 daAuts
 Ossuary: 206 daAuts
  Temple: 26 daAuts
